| TOP OF THE 1ST |
|
Vanderbilt University Commodores batting - Pitching for Stanford University Cardinal : RHP Noël Antuofermo
|
|
Pitching: RHP Noël Antuofermo
|
|
|
Batting: RHB Brian Pflughoeft
|
0-0: Called Strike 0-1: Foul Ball, location: 2F 0-2: Foul Ball, location: 2F 0-2: Ground out 6-3 (Groundball, 6, EV 87.5 MPH)
|
|
Batting: RHB Jose Ramos
|
0-0: Called Strike 0-1: Ball 1-1: Fly out, F8 (Flyball, 8RM, EV 86.2 MPH)
|
|
Batting: RHB Edgar Fernandez
|
0-0: Ball 1-0: Ball 2-0: Foul Ball, location: 2F 2-1: Fly out, F9 (Flyball, 9, EV 79.4 MPH)
|
| Top of the 1st over - 0 runs, 0 hits, 0 errors, 0 left on base; Vanderbilt University 0 - Stanford University 0 |
| BOTTOM OF THE 1ST |
|
Stanford University Cardinal batting - Pitching for Vanderbilt University Commodores : RHP Milutin Mladjenovic
|
|
Pitching: RHP Milutin Mladjenovic
|
|
|
Batting: RHB Josh Benefield
|
0-0: Ball 1-0: Ball 2-0: Ball 3-0: Called Strike 3-1: Foul Ball, location: 2F 3-2: Ground out 1-3 (Groundball, P, EV 70.6 MPH)
|
|
Batting: RHB Bobby Orantez
|
0-0: Fly out, F9 (Line Drive, 9D, EV 103.1 MPH)
|
|
Batting: LHB Donny Kleinjan
|
0-0: Foul Ball, location: 2F 0-1: Ball 1-1: Ball 2-1: Foul Ball, location: 2F 2-2: DOUBLE (Line Drive, 5D, EV 98.8 MPH)
|
|
Batting: RHB Joe Petley
|
0-0: Swinging Strike 0-1: SINGLE (Groundball, 56D, EV 99.4 MPH) Donny Kleinjan to third Runner from 3rd tries for Home, SAFE, throw by LF to home
|
|
Batting: RHB Dzevat Koljevic
|
0-0: Ball 1-0: Foul Ball, location: 2F 1-1: Ball 2-1: Ball 3-1: Called Strike 3-2: Foul Ball, location: 2F 3-2: Base on Balls Joe Petley to second
|
|
Batting: SHB Philippe Huff
|
0-0: Fielders Choice at 2nd, 6-4 (Groundball, 6, EV 88.1 MPH)
|
| Bottom of the 1st over - 1 run, 2 hits, 0 errors, 2 left on base; Vanderbilt University 0 - Stanford University 1 |
| TOP OF THE 2ND |
|
Vanderbilt University Commodores batting - Pitching for Stanford University Cardinal : RHP Noël Antuofermo
|
|
Batting: RHB Takashi Takeuchi
|
0-0: Ball 1-0: Ball 2-0: Called Strike 2-1: DOUBLE (Line Drive, 9LD, EV 112.5 MPH)
|
|
Batting: LHB Tokito Ishizaki
|
0-0: Foul Ball, location: 2F 0-1: Ground out 5-3 (Groundball, 56S, EV 81.2 MPH)
|
|
Batting: SHB D.J. Davis
|
0-0: Ball 1-0: Ball 2-0: Fly out, F9 (Flyball, 9S, EV 94.4 MPH)
|
|
Batting: RHB Min Tann
|
0-0: Ball 1-0: Called Strike 1-1: Foul Ball, location: 2F 1-2: Foul Ball, location: 2F 1-2: Ball 2-2: Foul Ball, location: 2F 2-2: SINGLE (Groundball, 5L, EV 100.0 MPH) Takashi Takeuchi to third Runner from 3rd tries for Home, SAFE, throw by LF to home
|
|
Batting: SHB Robbie Glover
|
0-0: DOUBLE (Line Drive, 7LS, EV 103.1 MPH) Min Tann to third
|
|
Batting: RHB Ruben Reyna
|
0-0: Called Strike 0-1: Fly out, F9 (Flyball, 9, EV 72.5 MPH)
|
| Top of the 2nd over - 1 run, 3 hits, 0 errors, 2 left on base; Vanderbilt University 1 - Stanford University 1 |
| BOTTOM OF THE 2ND |
|
Stanford University Cardinal batting - Pitching for Vanderbilt University Commodores : RHP Milutin Mladjenovic
|
|
Batting: RHB Erwin Young
|
0-0: Ball 1-0: Foul Ball, location: 2F 1-1: Ball 2-1: Foul Ball, location: 2F 2-2: Ground out 6-3 (Groundball, 6D, EV 100.6 MPH)
|
|
Batting: RHB Mike Gard
|
0-0: Ball 1-0: Ground out 6-3 (Groundball, 6, EV 85.6 MPH)
|
|
Batting: LHB Mike Keating
|
0-0: Foul Ball, location: 2F 0-1: Ball 1-1: Ball 2-1: Foul Ball, location: 2F 2-2: Ball 3-2: Ground out 3-1 (Groundball, 34, EV 78.8 MPH)
|
| Bottom of the 2nd over - 0 runs, 0 hits, 0 errors, 0 left on base; Vanderbilt University 1 - Stanford University 1 |
| TOP OF THE 3RD |
|
Vanderbilt University Commodores batting - Pitching for Stanford University Cardinal : RHP Noël Antuofermo
|
|
Batting: RHB Brian Pflughoeft
|
0-0: Ball 1-0: Ball 2-0: Foul Ball, location: 2F 2-1: Called Strike 2-2: Strikes out looking
|
|
Batting: RHB Jose Ramos
|
0-0: Called Strike 0-1: Ball 1-1: Swinging Strike 1-2: Fly out, F6 (Popup, 15S, EV 89.4 MPH)
|
|
Batting: RHB Edgar Fernandez
|
0-0: Ground out 6-3 (Groundball, 6, EV 83.8 MPH)
|
| Top of the 3rd over - 0 runs, 0 hits, 0 errors, 0 left on base; Vanderbilt University 1 - Stanford University 1 |
| BOTTOM OF THE 3RD |
|
Stanford University Cardinal batting - Pitching for Vanderbilt University Commodores : RHP Milutin Mladjenovic
|
|
Batting: RHB Josh Benefield
|
0-0: Called Strike 0-1: Foul Ball, location: 2F 0-2: Ball 1-2: Ball 2-2: Foul Ball, location: 2F 2-2: Foul Ball, location: 2F 2-2: SINGLE (Line Drive, 34D, EV 100.6 MPH)
|
|
Batting: RHB Bobby Orantez
|
0-0: Ball 1-0: Ball 2-0: SINGLE (Groundball, 5S, EV 63.1 MPH) (infield hit) Josh Benefield to second
|
|
Batting: LHB Donny Kleinjan
|
0-0: Called Strike 0-1: Foul Ball, location: 2F 0-2: Foul Ball, location: 2F 0-2: Ball 1-2: Ball 2-2: Ball 3-2: Foul Ball, location: 2F 3-2: Fly out, F9 (Flyball, 9S, EV 85.0 MPH)
|
|
Batting: RHB Joe Petley
|
0-0: Ball 1-0: Called Strike 1-1: Swinging Strike 1-2: Foul Ball, location: 2F 1-2: Strikes out swinging
|
|
Batting: RHB Dzevat Koljevic
|
0-0: Called Strike 0-1: Ball 1-1: Ball 2-1: Fielders Choice at 2nd, 6-4 (Groundball, 6, EV 100.0 MPH)
|
| Bottom of the 3rd over - 0 runs, 2 hits, 0 errors, 2 left on base; Vanderbilt University 1 - Stanford University 1 |
| TOP OF THE 4TH |
|
Vanderbilt University Commodores batting - Pitching for Stanford University Cardinal : RHP Noël Antuofermo
|
|
Batting: RHB Takashi Takeuchi
|
0-0: Ball 1-0: Swinging Strike 1-1: Ball 2-1: Ball 3-1: Base on Balls
|
|
Batting: LHB Tokito Ishizaki
|
0-0: Ball 1-0: Called Strike 1-1: Foul Ball, location: 2F 1-2: Ball 2-2: Fly out, F9 (Flyball, 89M, EV 90.6 MPH)
|
|
Batting: SHB D.J. Davis
|
0-0: Ball 1-0: Ball 2-0: Ball 3-0: Base on Balls Takashi Takeuchi to second
|
|
Batting: RHB Min Tann
|
0-0: Ball 1-0: Ball 2-0: Called Strike 2-1: Ball 3-1: Foul Ball, location: 2F 3-2: Base on Balls Takashi Takeuchi to third D.J. Davis to second
|
|
Batting: SHB Robbie Glover
|
0-0: Grounds into fielders choice 4-2 (Groundball, 4M, EV 86.9 MPH) D.J. Davis to third Min Tann to second
|
|
Batting: RHB Ruben Reyna
|
0-0: Ball 1-0: DOUBLE (Line Drive, 9LD, EV 113.1 MPH) D.J. Davis scores Min Tann scores Robbie Glover to third Runner from 3rd tries for Home, throw by RF and OUT! 9-2
|
| Top of the 4th over - 2 runs, 1 hit, 0 errors, 1 left on base; Vanderbilt University 3 - Stanford University 1 |
| BOTTOM OF THE 4TH |
|
Stanford University Cardinal batting - Pitching for Vanderbilt University Commodores : RHP Milutin Mladjenovic
|
|
Batting: SHB Philippe Huff
|
0-0: Ball 1-0: Swinging Strike 1-1: Foul Ball, location: 2F 1-2: Foul Ball, location: 2F 1-2: Strikes out swinging
|
|
Batting: RHB Erwin Young
|
0-0: Called Strike 0-1: Ball 1-1: Foul Ball, location: 2F 1-2: Strikes out looking
|
|
Batting: RHB Mike Gard
|
0-0: Called Strike 0-1: Called Strike 0-2: Foul Ball, location: 2F 0-2: Foul Ball, location: 2F 0-2: Ground out 4-3 (Groundball, 4, EV 84.4 MPH)
|
| Bottom of the 4th over - 0 runs, 0 hits, 0 errors, 0 left on base; Vanderbilt University 3 - Stanford University 1 |
| TOP OF THE 5TH |
|
Vanderbilt University Commodores batting - Pitching for Stanford University Cardinal : RHP Noël Antuofermo
|
|
Batting: RHB Brian Pflughoeft
|
0-0: DOUBLE (Line Drive, 7LM, EV 105.6 MPH)
|
|
Batting: RHB Jose Ramos
|
0-0: Ball 1-0: Ground out 5-3 (Groundball, 56, EV 83.8 MPH)
|
|
Batting: RHB Edgar Fernandez
|
0-0: SINGLE (Groundball, 6MD, EV 100.0 MPH) Brian Pflughoeft to third
|
|
Batting: RHB Takashi Takeuchi
|
0-0: Ball 1-0: Ball 2-0: Fly out, F9 (Flyball, 89M, EV 91.2 MPH)
|
|
Batting: LHB Tokito Ishizaki
|
0-0: Ball 1-0: Ball 2-0: Swinging Strike 2-1: Swinging Strike 2-2: SINGLE (Line Drive, 56D, EV 98.8 MPH) Brian Pflughoeft scores Edgar Fernandez to second
|
|
Batting: SHB D.J. Davis
|
0-0: Swinging Strike 0-1: Foul Ball, location: 2F 0-2: Fly out, F8 (Line Drive, 8RD, EV 96.9 MPH)
|
| Top of the 5th over - 1 run, 3 hits, 0 errors, 2 left on base; Vanderbilt University 4 - Stanford University 1 |
| BOTTOM OF THE 5TH |
|
Stanford University Cardinal batting - Pitching for Vanderbilt University Commodores : RHP Milutin Mladjenovic
|
|
Batting: LHB Mike Keating
|
0-0: Called Strike 0-1: Ground out 4-3 (Groundball, 4, EV 100.0 MPH)
|
|
Batting: RHB Josh Benefield
|
0-0: Called Strike 0-1: Foul Ball, location: 2F 0-2: Strikes out swinging
|
|
Batting: RHB Bobby Orantez
|
0-0: SINGLE (Line Drive, 78M, EV 88.1 MPH)
|
|
Batting: LHB Donny Kleinjan
|
0-0: Swinging Strike 0-1: Ball 1-1: Ball 2-1: Swinging Strike 2-2: Strikes out looking
|
| Bottom of the 5th over - 0 runs, 1 hit, 0 errors, 1 left on base; Vanderbilt University 4 - Stanford University 1 |
| TOP OF THE 6TH |
|
Vanderbilt University Commodores batting - Pitching for Stanford University Cardinal : RHP Noël Antuofermo
|
|
Batting: RHB Min Tann
|
0-0: Swinging Strike 0-1: Ball 1-1: Called Strike 1-2: Ball 2-2: Ball 3-2: Ground out 5-3 (Groundball, 5S, EV 87.5 MPH)
|
|
Batting: SHB Robbie Glover
|
0-0: Ball 1-0: Called Strike 1-1: Ball 2-1: Ball 3-1: Base on Balls
|
|
Pitching: RHP Joe Kill
|
|
|
Batting: RHB Ruben Reyna
|
0-0: Called Strike 0-1: Ball 1-1: Ball 2-1: Ball 3-1: Foul Ball, location: 2F 3-2: Strikes out swinging
|
|
Batting: RHB Brian Pflughoeft
|
0-0: Ball 1-0: Foul Ball, location: 2F 1-1: Swinging Strike 1-2: Ball 2-2: Fly out, F9 (Line Drive, 9, EV 93.1 MPH)
|
| Top of the 6th over - 0 runs, 0 hits, 0 errors, 1 left on base; Vanderbilt University 4 - Stanford University 1 |
| BOTTOM OF THE 6TH |
|
Stanford University Cardinal batting - Pitching for Vanderbilt University Commodores : RHP Milutin Mladjenovic
|
|
Pitching: RHP Bill Mata
|
|
|
Batting: RHB Joe Petley
|
0-0: Ball 1-0: Called Strike 1-1: Ball 2-1: Swinging Strike 2-2: SINGLE (Line Drive, 4M, EV 99.4 MPH)
|
|
Batting: RHB Dzevat Koljevic
|
0-0: Ball 1-0: Called Strike 1-1: Fly out, F6 (Popup, 6, EV 57.5 MPH)
|
|
Batting: SHB Philippe Huff
|
0-0: Swinging Strike 0-1: Swinging Strike 0-2: Ball 1-2: Foul Ball, location: 2F 1-2: Ball 2-2: Ball 3-2: Fly out, F8 (Flyball, 8LD, EV 89.4 MPH)
|
|
Batting: RHB Erwin Young
|
0-0: Ball 1-0: SINGLE (Groundball, 56D, EV 94.4 MPH) Joe Petley to second
|
|
Batting: RHB Mike Gard
|
0-0: Fly out, F7 (Flyball, 7S, EV 95.0 MPH)
|
| Bottom of the 6th over - 0 runs, 2 hits, 0 errors, 2 left on base; Vanderbilt University 4 - Stanford University 1 |
| TOP OF THE 7TH |
|
Vanderbilt University Commodores batting - Pitching for Stanford University Cardinal : RHP Joe Kill
|
|
Pitching: RHP Dante Verduzco
|
|
|
Batting: RHB Jose Ramos
|
0-0: Ball 1-0: Foul Ball, location: 2F 1-1: Ball 2-1: Ball 3-1: Base on Balls
|
|
Batting: RHB Edgar Fernandez
|
0-0: Called Strike 0-1: Ball 1-1: Ball 2-1: Called Strike 2-2: Ball 3-2: Grounds into double play, 6-4-3 (Groundball, 6, EV 86.9 MPH)
|
|
Batting: RHB Takashi Takeuchi
|
0-0: Called Strike 0-1: Foul Ball, location: 2F 0-2: Ball 1-2: Strikes out swinging
|
| Top of the 7th over - 0 runs, 0 hits, 0 errors, 0 left on base; Vanderbilt University 4 - Stanford University 1 |
| BOTTOM OF THE 7TH |
|
Stanford University Cardinal batting - Pitching for Vanderbilt University Commodores : RHP Bill Mata
|
|
Batting: LHB Mike Keating
|
0-0: Fly out, F7 (Flyball, 7, EV 86.2 MPH)
|
|
Batting: RHB Josh Benefield
|
0-0: Foul Ball, location: 2F 0-1: Foul Ball, location: 2F 0-2: Ball 1-2: Fly out, F8 (Flyball, 78S, EV 77.5 MPH)
|
|
Batting: RHB Bobby Orantez
|
0-0: Ball 1-0: Foul Ball, location: 2F 1-1: Ball 2-1: Ball 3-1: Foul Ball, location: 2F 3-2: Base on Balls
|
|
Batting: LHB Donny Kleinjan
|
0-0: Ball 1-0: Swinging Strike 1-1: Ball 2-1: Fly out, F9 (Flyball, 9S, EV 84.4 MPH)
|
| Bottom of the 7th over - 0 runs, 0 hits, 0 errors, 1 left on base; Vanderbilt University 4 - Stanford University 1 |
| TOP OF THE 8TH |
|
Vanderbilt University Commodores batting - Pitching for Stanford University Cardinal : RHP Dante Verduzco
|
|
Batting: LHB Tokito Ishizaki
|
0-0: Ground out 4-3 (Groundball, 4, EV 100.6 MPH)
|
|
Batting: SHB D.J. Davis
|
0-0: Foul Ball, location: 2F 0-1: Swinging Strike 0-2: Strikes out looking
|
|
Batting: RHB Min Tann
|
0-0: Fly out, F9 (Flyball, 89S, EV 76.2 MPH)
|
| Top of the 8th over - 0 runs, 0 hits, 0 errors, 0 left on base; Vanderbilt University 4 - Stanford University 1 |
| BOTTOM OF THE 8TH |
|
Stanford University Cardinal batting - Pitching for Vanderbilt University Commodores : RHP Bill Mata
|
|
Pitching: LHP Ethan Roberson
|
|
|
Now at 1B: Paul Johnson
|
|
|
Batting: RHB Joe Petley
|
0-0: Foul Ball, location: 2F 0-1: Ball 1-1: Swinging Strike 1-2: Ball 2-2: Foul Ball, location: 2F 2-2: Ground out 6-3 (Groundball, 6, EV 83.8 MPH)
|
|
Batting: RHB Dzevat Koljevic
|
0-0: Ball 1-0: Ball 2-0: Swinging Strike 2-1: Ball 3-1: Ground out 6-3 (Groundball, 6, EV 86.2 MPH)
|
|
Batting: SHB Philippe Huff
|
0-0: Foul Ball, location: 2F 0-1: Ball 1-1: Ball 2-1: Called Strike 2-2: Ball 3-2: Base on Balls
|
|
Pitching: RHP Jesus Ortega
|
|
|
Batting: RHB Erwin Young
|
0-0: Swinging Strike 0-1: Ball 1-1: Ball 2-1: Ball 3-1: Swinging Strike 3-2: Foul Ball, location: 2F 3-2: Strikes out swinging
|
| Bottom of the 8th over - 0 runs, 0 hits, 0 errors, 1 left on base; Vanderbilt University 4 - Stanford University 1 |
| TOP OF THE 9TH |
|
Vanderbilt University Commodores batting - Pitching for Stanford University Cardinal : RHP Dante Verduzco
|
|
Pitching: RHP Steven Townsend
|
|
|
Batting: SHB Robbie Glover
|
0-0: Ball 1-0: Reached on error, E6 (Groundball, 6, EV 85.6 MPH)
|
|
Batting: RHB Ruben Reyna
|
0-0: Ball 1-0: Ball 2-0: Fly out, F8 (Flyball, 8RD, EV 103.1 MPH)
|
|
Batting: RHB Brian Pflughoeft
|
0-0: Ground out 1-3 (Groundball, 34S, EV 71.2 MPH) Robbie Glover to third
|
|
Batting: RHB Jose Ramos
|
0-0: Ground out 6-3 (Groundball, 6, EV 108.8 MPH)
|
| Top of the 9th over - 0 runs, 0 hits, 1 error, 1 left on base; Vanderbilt University 4 - Stanford University 1 |
| BOTTOM OF THE 9TH |
|
Stanford University Cardinal batting - Pitching for Vanderbilt University Commodores : RHP Jesus Ortega
|
|
Pitching: LHP Kyle McGuire
|
|
|
Pinch Hitting: RHB Gary Preston
|
0-0: Swinging Strike 0-1: Ball 1-1: SINGLE (Line Drive, 89S, EV 97.5 MPH)
|
|
Pinch Hitting: LHB Andy Swan
|
0-0: Swinging Strike 0-1: Foul Ball, location: 2F 0-2: Ball 1-2: Strikes out swinging
|
|
Batting: RHB Josh Benefield
|
0-0: Ball 1-0: Ball 2-0: Swinging Strike 2-1: Foul Ball, location: 2F 2-2: Fly out, F8 (Line Drive, 8LS, EV 102.5 MPH)
|
|
Batting: RHB Bobby Orantez
|
0-0: Called Strike 0-1: Foul Ball, location: 2F 0-2: Fielders Choice at 2nd, 5-4 (Groundball, 56, EV 103.1 MPH)
|
| Bottom of the 9th over - 0 runs, 1 hit, 0 errors, 1 left on base; Vanderbilt University 4 - Stanford University 1 |
|